 Dungeon Crawl Stone Soup version 0.31-a0-824-ge5246a80f4 (webtiles) character file.

Game seed: 14693746958160601188

376 qw the Shooter (level 6, 0/38 HPs)
             Began as a Gargoyle Hunter on Sept 23, 2023.
             Slain by a gnoll bouda
             ... wielding a +0 whip of freezing
              (8 damage)
             ... on level 4 of the Dungeon.
             The game lasted 00:01:17 (3040 turns).

qw the Shooter (Gargoyle Hunter)                    Turns: 3040, Time: 00:01:18

Health: 0/38       AC:  9    Str: 19    XL:     6   Next: 73%
Magic:  6/6        EV: 17    Int: 11    God:
Gold:   144        SH:  5    Dex: 14    Spells: 5/5 levels left

rFire   . . .        Y - +0 shortbow
rCold   + + .        (shield currently unavailable)
rNeg    + . .        f - +1 robe {rC+}
rPois   inf          (no helmet)
rElec   +            c - +1 cloak
rCorr   +            (no gloves)
SInv    .            (no boots)
Will    .....        g - amulet of reflection
Stlth   ++           b - ring of Jyocsi Sayff {+Blink rC+ rCorr EV+5 Int+3}
HPRegen 0.26/turn    (no ring)
MPRegen 0.10/turn

%: reflection
@: no status effects
A: sickness immunity, AC +4, negative energy resistance 1, electricity
resistance, torment resistance 1, petrification resistance, strong 1, wild magic
1
a: Evoke Blink


You were on level 4 of the Dungeon.
You visited 1 branch of the dungeon, and saw 4 of its levels.

You collected 144 gold pieces.


Innate Abilities, Weirdness & Mutations

You are immune to sickness and miasma.
Your stone body is resilient. (AC +4)
You are immune to poison.
You resist negative energy. (rN+)
You are resistant to electric shocks. (rElec)
You are resistant to unholy torment.
You are immune to petrification.
Your muscles are strong. (Str +4, Int/Dex -1)
Your spells are a little harder to cast, but a little more powerful.


   Skills:
 - Level 4.1 Fighting
 + Level 7.0 Ranged Weapons
 - Level 1.0 Armour
 - Level 1.5 Dodging
 - Level 1.1 Stealth


You had 5 spell levels left.
You didn't know any spells.
Your spell library was empty.

Inventory:

Hand Weapons
 Y - a +0 shortbow (weapon)
Armour
 c - a +1 cloak (worn)
 f - a +1 robe of cold resistance (worn)
 h - a +0 ring mail
Jewellery
 b - the ring of Jyocsi Sayff (left hand) {+Blink rC+ rCorr EV+5 Int+3}
   (You found it on level 2 of the Dungeon)

   [ring of evasion]

   EV+5:      It affects your evasion (+5).
   Int+3:     It affects your intelligence (+3).
   rC+:       It protects you from cold.
   +Blink:    It lets you blink.
   rCorr:     It protects you from acid and corrosion.
 g - an amulet of reflection (around neck)
Scrolls
 k - a scroll of identify
Potions
 a - 3 potions of curing
 d - a potion of heal wounds
 i - a potion of haste {unknown}
 l - a potion of brilliance {unknown}
 m - a potion of resistance {unknown}

Dungeon Overview and Level Annotations

Branches:
Dungeon (4/15)
 Temple: D:4-7

Altars:
Cheibriados

Shops:
D:2 :

Annotations:
D:2 1 runed translucent door, Crazy Yiuf


Message History

A gnoll comes into view. It is wielding a +0 flail.
You shoot an arrow. The arrow hits the gnoll.
The gnoll is heavily wounded.
You hear a shout!
A gnoll comes into view. It is wielding a +0 flail.
You shoot an arrow. The arrow hits the gnoll.
The gnoll is lightly wounded.
You shoot an arrow. The arrow closely misses the gnoll.
A gnoll comes into view. It is wielding a +0 spear.
You shoot an arrow. The arrow hits the gnoll.
The gnoll is heavily wounded.
The gnoll hits you with a +0 flail.
A gnoll bouda comes into view. It is wielding a +0 whip of freezing.
3033 |||
Found retreat position at 7,0 (gnoll bouda; floor) with 0 blocking monsters and 2 monsters attacking at destination at distance 7
3033 ||| Stepping ~*~*~tactically~*~*~ (retreating).
You shoot an arrow. The arrow barely misses the gnoll.
The gnoll hits you with a +0 flail! The gnoll closely misses you.
You shoot an arrow. The arrow hits the gnoll.
The gnoll is heavily wounded.
The gnoll hits you with a +0 flail.
The gnoll bouda barks out a call to the hunt!
The gnolls pick up the pace!
The gnoll misses you.
You shoot an arrow. The arrow hits the gnoll.
The gnoll is severely wounded.
You block the gnoll's attack. The gnoll barely misses you.
You shoot an arrow. The arrow barely misses the gnoll.
The gnoll misses you. The gnoll hits you but does no damage.
You shoot an arrow. The arrow closely misses the gnoll.
The gnoll hits you with a +0 flail. The gnoll barely misses you.
You shoot an arrow. The arrow hits the gnoll.
You kill the gnoll!
The gnoll barely misses you.
The gnoll bouda hits you with a +0 whip of freezing!
Your Ranged Weapons skill increases to level 7!
You shoot an arrow. The arrow hits the gnoll bouda.
The gnoll bouda is moderately wounded.
The gnoll hits you from afar with a +0 spear.
The gnoll bouda hits you with a +0 whip of freezing!
You die...

###############
#.)@g......)..#
#g###########.#
#. #.# .g #.#
... #(# #...
#.# ###.
#######.######
#.
..[..)..#.....
/..)..........


You could see a gnoll bouda and a gnoll (swift).

Vanquished Creatures
  A scorpion (D:4)
  A hound (D:3)
  2 orc priests
  2 orc wizards (D:3)
  5 gnolls (D:4)
  5 adders
  An ufetubus (D:3)
  2 worms (D:2)
  2 dart slugs
  An orc (D:3)
  5 ball pythons
  7 bats
  9 endoplasms
  4 giant cockroaches
  4 goblins
  3 hobgoblins
  4 jackals (D:3)
  2 quokkas (D:1)
  5 frilled lizards
  8 kobolds
  9 rats
82 creatures vanquished.

Notes
Turn   | Place    | Note
-------+----------+-------------------------------------------
     0 | D:1      | qw the Gargoyle Hunter began the quest for the Orb.
     0 | D:1      | Reached XP level 1. HP: 12/12 MP: 1/1
     0 | D:1      | 0 ||| qw: Version: 0.3-a-83-gcd0e7d8
     0 | D:1      | 0 ||| qw: Game counter: 1777
     0 | D:1      | 0 ||| qw: Melee chars always use a shield: true
     0 | D:1      | 0 ||| qw: God list: Okawaru
     0 | D:1      | 0 ||| qw: Allow faded altars: false
     0 | D:1      | 0 ||| qw: Do Orc after clearing Dungeon:15 true
     0 | D:1      | 0 ||| qw: Do second Lair branch before Depths: true
     0 | D:1      | 0 ||| qw: Lair rune preference: random
     0 | D:1      | 0 ||| qw: Goals: Normal
     0 | D:1      | 0 ||| PLANNING D:1-11
   306 | D:1      | Reached XP level 2. HP: 17/17 MP: 2/2
   512 | D:1      | Found a faded altar of an unknown god.
   532 | D:1      | Reached XP level 3. HP: 20/21 MP: 3/3
   599 | D:1      | Reached skill level 5 in Ranged Weapons
   897 | D:1      | 897 ||| UPGRADING to +0 ring mail.
   907 | D:1      | 907 ||| DROPPING +0 leather armour.
   908 | D:1      | 908 ||| UPGRADING to amulet of reflection.
   913 | D:1      | 913 ||| READING scroll labelled BAOSOTHRYBB.
   914 | D:1      | 914 ||| READING scroll labelled KEUKASCHIOW.
   915 | D:1      | 915 ||| READING scroll labelled LOKIQU FIPLERIU.
   916 | D:1      | 916 ||| DROPPING scroll of butterflies.
  1021 | D:2      | Reached skill level 1 in Armour
  1055 | D:2      | Found Lepri Tepu's Book Emporium.
  1114 | D:2      | Identified the ring of Jyocsi Sayff {+Blink rC+ rCorr EV+5
                  | Int+3}
  1269 | D:2      | Reached skill level 3 in Fighting
  1269 | D:2      | Reached XP level 4. HP: 28/28 MP: 4/4
  1378 | D:2      | Identified the +6 scale mail of the Maze {Dex+5}
  1518 | D:2      | Found a runed translucent door.
  1519 | D:2      | Noticed Crazy Yiuf
  1769 | D:2      | 1769 ||| UPGRADING to +1 robe of cold resistance.
  1779 | D:2      | 1779 ||| UPGRADING to ring of Jyocsi Sayff {+Blink rC+
                  | rCorr EV+5 Int+3}.
  1780 | D:2      | 1780 ||| READING scroll labelled YKHAUF KUDI.
  1781 | D:2      | 1781 ||| DRINKING 3 dark potions.
  1782 | D:2      | 1782 ||| DRINKING 2 yellow potions.
  1783 | D:2      | 1783 ||| DROPPING potion of degeneration.
  2437 | D:3      | Found a snail-covered altar of Cheibriados.
  2443 | D:3      | Reached XP level 5. HP: 32/32 MP: 5/5
  2601 | D:3      | 2601 ||| UPGRADING to +0 cloak.
  2606 | D:3      | 2606 ||| DRINKING 2 smoky golden potions.
  2606 | D:3      | Gained mutation: You are agile. (Dex +4, Str/Int -1)
                  | [potion of mutation]
  2606 | D:3      | Lost mutation: You are agile. (Dex +4, Str/Int -1) [potion
                  | of mutation]
  2606 | D:3      | Gained mutation: You occasionally lose the ability to read
                  | scrolls when taking damage. [potion of mutation]
  2606 | D:3      | Gained mutation: You possess an exceptional clarity of
                  | mind. [potion of mutation]
  2607 | D:3      | 2607 ||| DRINKING potion of mutation.
  2607 | D:3      | Lost mutation: You possess an exceptional clarity of mind.
                  | [potion of mutation]
  2607 | D:3      | Lost mutation: You occasionally lose the ability to read
                  | scrolls when taking damage. [potion of mutation]
  2607 | D:3      | Gained mutation: Your muscles are strong. (Str +4, Int/Dex
                  | -1) [potion of mutation]
  2607 | D:3      | Gained mutation: Your spells are a little harder to cast,
                  | but a little more powerful. [potion of mutation]
  2608 | D:3      | 2608 ||| READING 3 scrolls of identify.
  2608 | D:3      | 2608 ||| IDENTIFYING murky red potion
  2609 | D:3      | 2609 ||| READING 2 scrolls of identify.
  2609 | D:3      | 2609 ||| IDENTIFYING purple potion
  2610 | D:3      | 2610 ||| DROPPING potion of magic.
  2631 | D:4      | 2631 ||| STAIRDANCE
  2636 | D:4      | 2636 ||| STAIRDANCE
  2646 | D:3      | Reached skill level 6 in Ranged Weapons
  2651 | D:4      | 2651 ||| STAIRDANCE
  2735 | D:4      | 2735 ||| STAIRDANCE
  2747 | D:4      | 2747 ||| STAIRDANCE
  2854 | D:4      | 2854 ||| STAIRDANCE
  2891 | D:4      | 2891 ||| STAIRDANCE
  2897 | D:3      | Reached XP level 6. HP: 34/38 MP: 6/6
  2911 | D:4      | 2911 ||| STAIRDANCE
  2945 | D:4      | 2945 ||| READING scroll of enchant armour.
  2945 | D:4      | 2945 ||| ENCHANTING +0 cloak.
  3033 | D:4      | 3033 ||| Stepping ~*~*~tactically~*~*~ (retreating).
  3040 | D:4      | Reached skill level 7 in Ranged Weapons
  3040 | D:4      | HP: 8/38 [gnoll/+0 spear[a gnoll bouda] (2)]
  3040 | D:4      | Slain by a gnoll bouda

Levels and vault maps discovered:
D:1:      dpeg_chamrin_arrival_tetris, layout_loops_corners,
          ebering_ecumenical_altar_rust
D:2:      minmay_chambers_of_ones, layout_loops_cross, serial_shops,
          nicolae_shop_window_shopping, uniq_crazy_yiuf_cottage
D:3:      layout_loops_corners, mainiacjoe_overflow_surrounded_room
D:4:      layout_basic, grunt_dithmenos_smoke, minmay_overflow_temple_hex,
          st_stairs_14

Skill      XL: |  1  2  3  4  5  6 |
---------------+-------------------+-----
Ranged Weapons | 5 6 7 |  7.0
Armour         | 1 |  1.0
Fighting       | 3 4 |  4.1
Dodging        | |  1.5
Stealth        | |  1.1

Action                     |  1- 3 |  4- 6 || total
---------------------------+-------+-------++-------
   Fire: Shortbow          |   102 |   199 ||   301
    Use: Scroll            |     3 |     4 ||     7
         Potion            |       |     4 ||     4
 Armour: Leather armour    |    15 |       ||    15
         Ring mail         |     7 |     9 ||    16
         Robe              |       |    56 ||    56
  Dodge: Dodged            |    19 |    75 ||    94
  Block: Other             |     3 |    15 ||    18

Table legend:
 A = Non-vault XP
 B = Vault XP
 C = Vault XP percentage of total XP
 D = Non-vault monster count
 E = Vault monster count
 F = Vault count percentage of total count
                 A         B        C        D         E       F
            +---------+---------+-------+---------+---------+-------
      Total |     520 |      18 |   3.3 |      77 |       5 |   6.1
            +---------+---------+-------+---------+---------+-------
        D:1 |      49 |       0 |   0.0 |      29 |       0 |   0.0
        D:2 |      56 |      18 |  24.3 |      16 |       5 |  23.8
        D:3 |     222 |       0 |   0.0 |      25 |       0 |   0.0
        D:4 |     193 |       0 |   0.0 |       7 |       0 |   0.0
            +---------+---------+-------+---------+---------+-------
